 Dungeon Crawl Stone Soup version 0.16-a0-3728-gc6b4a4b (webtiles) character file.

441 Charly the Poker (level 7, -6/50 HPs)
             Began as a Merfolk Skald on Jan 22, 2015.
             Killed by divine providence
             ... invoked by an orc priest
              (12 damage)
             ... on level 5 of the Dungeon.
             The game lasted 00:18:11 (1424 turns).

Charly the Poker (Merfolk Skald)                    Turns: 1424, Time: 00:18:12

Health: -6/50      AC:  4    Str: 13    XL:     7   Next: 2%
Magic:  2/15       EV: 14    Int: 12    God:
Gold:   136        SH:  0    Dex: 14    Spells: 4 memorised, 3 levels left

rFire  + . .     SeeInvis .     l - +0 spear
rCold  x . .     Clarity  .     b - +1 leather armour
rNeg   . . .     SustAb   .     (no shield)
rPois  +         Gourm    .     (no helmet)
rElec  .         Spirit   .     (no cloak)
rCorr  .         Warding  .     (no gloves)
rMut   .         Stasis   .     (no boots)
MR     .....                    f - amulet of regeneration
Stlth  +.........               o - ring of poison resistance
                                k - ring of fire

@: very slightly contaminated, not resistant to hostile enchantments, very
unstealthy
A: change form in water, swift swim
a: no special abilities


You were on level 5 of the Dungeon.
You were very hungry.

You visited 1 branch of the dungeon, and saw 5 of its levels.

You collected 136 gold pieces.

Inventory:

Hand weapons
 l - a +0 spear (weapon)
Armour
 b - a +1 leather armour (worn)
Magical staves
 s - an uncursed staff of energy
Jewellery
 f - an amulet of regeneration (around neck)
 k - a ring of fire (left hand)
 o - a ring of poison resistance (right hand)
 r - an uncursed amulet of stasis
Magical devices
 c - a wand of magic darts (13)
Scrolls
 h - 3 scrolls of remove curse
 i - a scroll of amnesia
Potions
 a - a potion of brilliance
 g - 2 potions of curing
Comestibles
 d - a bread ration


   Skills:
 - Level 2.1 Fighting
 + Level 5.7 Polearms
 - Level 0.6 Armour
 + Level 4.7 Dodging
 + Level 3.6 Spellcasting
 + Level 5.0 Charms


You had 3 spell levels left.
You knew the following spells:

 Your Spells              Type           Power        Failure   Level  Hunger
g - Shroud of Golubria    Chrm/Tloc      #.........   21%         2    ##.....
r - Regeneration          Chrm/Necr      #.........   38%         3    ###....
s - Song of Slaying       Chrm           ##......     8%          2    ##.....
w - Spectral Weapon       Hex/Chrm       #.......     38%         3    ###....


Dungeon Overview and Level Annotations

Branches:
Dungeon (5/15)
 Temple: D:4-7

Altars:
Okawaru
The Shining One

Annotations:
D:4 Charly's ghost, average OgBe


Message History

The jackal barely misses your spectral weapon.
The kobold hits you.
* * * LOW HITPOINT WARNING * * *
The adder skeleton bites you.
* * * LOW HITPOINT WARNING * * *
Unknown command.
You hit the jackal.
The jackal is severely wounded.
The bat hits your spectral weapon but does no damage.
Your spectral weapon hits the jackal.
You kill the jackal!
The jackal bites you.
* * * LOW HITPOINT WARNING * * *
The water moccasin bites you.
* * * LOW HITPOINT WARNING * * *
The jackal bites your spectral weapon but does no damage.
The bat barely misses you.
The orc priest calls down the wrath of Beogh upon you.
Something smites you!
You die...

# ## .. ... >.. ... ..
.. ######+#.... .. ...
#lS@b(h.o.o. ..
....###+###.ZKh.......
..
.............rh.......
..
...........o..(.....###
##
...........oo........#
#
..............#####+##
# ..............# #
.?............# #
..............+ +


You could see a water moccasin, 2 orc priests, an orc wizard, 2 orcs, a quokka,
3 jackals, a bat, a kobold, a giant newt, an adder skeleton and a friendly
spectral spear.

Vanquished Creatures
  A sky beast (D:5)
  An ogre (D:4)
  2 centaur skeletons
  2 iguanas
  2 worker ants (D:4)
  A hound zombie (D:5)
  A gnoll (D:1)
  4 adders
  2 oozes
  2 orcs (D:4)
  A bat skeleton (D:4)
  A giant cockroach (D:3)
  2 goblins
  5 hobgoblins
  7 jackals
  2 quokkas
  4 bats
  A giant gecko (D:2)
  2 giant newts
  5 kobolds
  6 rats
54 creatures vanquished.

Vanquished Creatures (others)
  A spectral weapon (D:5)
1 creature vanquished.

Grand Total: 55 creatures vanquished

Notes
Turn   | Place    | Note
--------------------------------------------------------------
     0 | D:1      | Charly, the Merfolk Skald, began the quest for the Orb.
     0 | D:1      | Reached XP level 1. HP: 16/16 MP: 3/3
   150 | D:1      | Reached XP level 2. HP: 17/22 MP: 4/4
   154 | D:1      | Learned a level 2 spell: Shroud of Golubria
   246 | D:2      | Reached XP level 3. HP: 15/27 MP: 1/6
   267 | D:2      | Learned a level 3 spell: Spectral Weapon
   396 | D:2      | Found an iron altar of Okawaru.
   590 | D:3      | Found a glowing golden altar of the Shining One.
   641 | D:3      | Reached skill level 4 in Polearms
   727 | D:3      | Reached XP level 4. HP: 26/33 MP: 8/8
   732 | D:3      | Learned a level 2 spell: Song of Slaying
   928 | D:4      | Noticed Charly's ghost (average OgBe)
  1093 | D:4      | Noticed an ogre
  1104 | D:4      | Reached XP level 5. HP: 38/38 MP: 2/9
  1110 | D:4      | Killed an ogre
  1110 | D:4      | Reached skill level 5 in Polearms
  1116 | D:4      | Learned a level 3 spell: Regeneration
  1126 | D:4      | Reached XP level 6. HP: 37/44 MP: 4/13
  1261 | D:5      | Entered Level 5 of the Dungeon
  1378 | D:5      | Reached skill level 5 in Charms
  1378 | D:5      | Reached XP level 7. HP: 14/50 MP: 2/15
  1395 | D:5      | Noticed a water moccasin
  1424 | D:5      | Killed from afar by an orc priest

Action                   |  1- 3 |  4- 6 |  7- 9 || total
-------------------------+-------+-------+-------++-------
Melee: Spear             |   128 |   161 |     3 ||   292
 Cast: Infusion          |     3 |       |       ||     3
       Shroud of Golubri |     4 |     8 |       ||    12
       Spectral Weapon   |       |     7 |     1 ||     8
       Song of Slaying   |       |     1 |       ||     1
  Use: Scroll            |     3 |     3 |     4 ||    10
       Potion            |       |     2 |     1 ||     3
 Stab: Sleeping          |     1 |     1 |       ||     2
       Distracted        |       |     3 |       ||     3
  Eat: Bread ration      |       |     1 |       ||     1
